[Event "*** Titled Tuesday Blitz"]
[Site "Chess.com"]
[Date "2020.05.05"]
[Round "2"]
[White "Biranidun"]
[Black "AustrianFalcon"]
[Result "1-0"]
[WhiteElo "2725"]
[BlackElo "2497"]
[TimeControl "180+1"]
[EndTime "10:17:23 PDT"]
[Termination "Biranidun won by resignation"]

1. e4 c5 2. Nf3 Nc6 3. d4 cxd4 4.
Nxd4 Nf6 5. Nc3 d6 6. Bg5 e6 7. Qd2 a6 8. O-O-O Bd7 9. f4 Be7 10. Nf3 b5 11. Bxf6 gxf6 12. Kb1 Qb6 13. f5 O-O-O 14.
Qh6 Kb8 15. Qh5 Rhf8 16. Bd3 Ne5 17. Ne2 Bc6 18. Nfd4 Bd7 19. fxe6 fxe6 20. Qxh7 Rf7 21. Qh3 Nxd3 22. Rxd3 f5 23. exf5 e5 24. Ne6 Bxe6 25. fxe6 Rf2 26. Nc3 d5 27. Qg3 Rdf8 28. Qxe5+ Bd6 29.
Qxd5 Rf1+ 30. Rxf1 Rxf1+ 31. Rd1 1-0

[Event "*** Titled Tuesday Blitz"]
[Site "Chess.com"]
[Date "2020.05.05"]
[Round "2"]
[White "Szczor"]
[Black "petroniy_arbitr"]
[Result "1-0"]
[WhiteElo "2633"]
[BlackElo "2311"]
[TimeControl "180+1"]
[EndTime "10:17:23 PDT"]
[Termination "Szczor won by resignation"]

1. d4 d5 2. c4 c6 3. Nc3 Nf6 4.
Nf3 e6 5. Bg5 dxc4 6. e4 b5 7.
e5 h6 8. Bh4 g5 9. Nxg5 hxg5 10.
Bxg5 Nbd7 11. exf6 Bb7 12. Be2 Qb6 13. Bf3 O-O-O 14. O-O Ne5 15. Be4 Rxd4 16. Qe2 Bc5 17. h4 Nd3 18. a3 Qc7 19. g3 Rdd8 20. Kg2 Rdg8 21. Bxd3 cxd3 22. Qxd3 Bb6 23. f3 Rd8 24. Qe2 Qd6 25. Rad1 Qc5 26. Ne4 Qe5 27. Bf4 Qh5 28. Rxd8+ Rxd8 29. Nd6+ Rxd6 30. Bxd6 c5 31. Qxb5 Qd5 32.
Qe8+ Bd8 33. Be7 Qd2+ 34. Rf2 Bxf3+ 35. Kxf3 Qd5+ 36. Kg4 Qe4+ 37. Rf4 Qe2+ 38. Kh3 1-0

[Event "*** Titled Tuesday Blitz"]
[Site "Chess.com"]
[Date "2020.05.05"]
[Round "2"]
[White "Anuar_Is"]
[Black "Hippotaner"]
[Result "1-0"]
[WhiteElo "2773"]
[BlackElo "2335"]
[TimeControl "180+1"]
[EndTime "10:17:24 PDT"]
[Termination "Anuar_Is won by checkmate"]

1. e4 c5 2. Nf3 Nc6 3. d4 cxd4 4. Nxd4 Nf6 5. Nc3 e5 6. Ndb5 d6 7. Bg5 a6 8. Bxf6 gxf6 9. Na3 b5 10. Nd5 Bg7 11.
Bd3 Ne7 12. Ne3 Be6 13. c3 O-O 14. Qh5 Ng6 15. g3 d5 16. exd5 Bxd5 17. O-O Bb7 18. Rad1 Qc7 19. Nac2 Rad8 20. Nf5 Kh8 21. Nce3 Qc6 22.
f3 Rd7 23. Be4 Qc7 24. Rxd7 Qxd7 25. Rd1 Qc7 26. Bxb7 Qxb7 27. Nxg7 Kxg7 28. Nf5+ Kh8 29. Qh6 Rg8 30. Kg2 Nf4+ 31. Kf2 Qb6+ 32. Kf1 Qc6 33.
Nh4 Qc4+ 34. Kg1 Qc5+ 35. Kh1 Ng6 36. Nxg6+ fxg6 37. Rd7 Qc6 38. Qxh7# 1-0

[Event "*** Titled Tuesday Blitz"]
[Site "Chess.com"]
[Date "2020.05.05"]
[Round "2"]
[White "Arek_pacitan"]
[Black "vwnv7"]
[Result "0-1"]
[WhiteElo "2546"]
[BlackElo "2311"]
[TimeControl "180+1"]
[EndTime "10:17:24 PDT"]
[Termination "vwnv7 won by checkmate"]

1. Nf3 d5 2. g3 c6 3. Bg2 Nf6 4. O-O Bg4 5. c4 e6 6. b3 Nbd7 7. Bb2 Bd6 8. d4 Ne4 9. Nbd2 f5 10. cxd5 exd5 11. h3 Bh5 12. Rc1 O-O 13. e3 Qe7 14. Qc2 g5 15. Nxe4 fxe4 16. Nh2 Bg6 17. Rfe1 Rf7 18. Bc3 Raf8 19. Re2 Qe6 20. Nf1 Bh5 21. Rd2 Bf3 22. Nh2 Bxg2 23. Kxg2 h5 24. Rf1 h4 25. Rdd1 Rf3 26. Nxf3 exf3+ 27. Kh2 hxg3+ 28. fxg3 Bxg3+ 29. Kg1 Qxh3 30. Be1 f2+ 31. Bxf2 Qh2# 0-1

[Event "*** Titled Tuesday Blitz"]
[Site "Chess.com"]
[Date "2020.05.05"]
[Round "2"]
[White "1977Ivan"]
[Black "AsaHoffmann"]
[Result "1-0"]
[WhiteElo "2646"]
[BlackElo "2379"]
[TimeControl "180+1"]
[EndTime "10:17:26 PDT"]
[Termination "1977Ivan won by resignation"]

1. e4 d6 2. d4 c6 3. f4 d5 4.
e5 h5 5. c3 Bf5 6. Nf3 e6 7. Bd3 Nh6 8. O-O c5 9. Na3 Nc6 10. Nc2 Be7 11. Kh1 Bxd3 12. Qxd3 Nf5 13. Ne3 g6 14. dxc5 Bxc5 15. Nxf5 gxf5 16. b4 Be7 17. Be3 f6 18. b5 Na5 19. exf6 Bxf6 20.
Bd4 Nc4 21. Rae1 Kd7 22. Re2 Re8 23. Rfe1 Bxd4 24. Nxd4 Qf6 25. Nxe6 Rxe6 26. Rxe6 Qxe6 27. Rxe6 Kxe6 28. Qe2+ Kd6 29. Qxh5 Kc5 30. Qxf5 Re8 31. h4 Re4 32. h5 Ne3 33. Qf8+ Kxb5 34. Kh2 Kc4 35. Kh3 Kxc3 36. h6 Nc4 37. h7 Re1 38.
h8=Q+ d4 39. Kg3 1-0

[Event "*** Titled Tuesday Blitz"]
[Site "Chess.com"]
[Date "2020.05.05"]
[Round "2"]
[White "RitvarsReimanis"]
[Black "PowerThinking2650"]
[Result "1-0"]
[WhiteElo "2543"]
[BlackElo "2288"]
[TimeControl "180+1"]
[EndTime "10:17:26 PDT"]
[Termination "RitvarsReimanis won on time"]

1. d4 Nf6 2. c4 g6 3. Nc3 Bg7 4. e4 d6 5. Be2 O-O 6. Nf3 e5 7. O-O Nc6 8. d5 Ne7 9. Kh1 Nh5 10.
Ng1 Nf4 11. Bf3 f5 12. g3 fxe4 13. Nxe4 Nh3 14. Bg4 Nxg1 15. Bxc8 Rxc8 16. Kxg1 h6 17. Qg4 c6 18. Qe6+ Kh7 19. Nxd6 Rf6 20. Nxb7 Qc7 21.
d6 Qxb7 22. Qxe7 Qxe7 23. dxe7 Re8 24. Be3 Rxe7 25. Rad1 e4 26. Bc5 Ref7 27. b3 Rf3 28. Rfe1 h5 29. Rxe4 Rc3 30. Re2 h4 31. Kg2 Bh6 32.
Rd4 hxg3 33. hxg3 1-0

[Event "*** Titled Tuesday Blitz"]
[Site "Chess.com"]
[Date "2020.05.05"]
[Round "2"]
[White "djano"]
[Black "Dr_Thomas_Quilter"]
[Result "1-0"]
[WhiteElo "2442"]
[BlackElo "2193"]
[TimeControl "180+1"]
[EndTime "10:17:26 PDT"]
[Termination "djano won by resignation"]

1. d4 Nf6 2. Bf4 c5 3. e3 cxd4 4. exd4 d5 5. Nd2 Nc6 6. c3 Bf5 7. Ngf3 e6 8. Qb3 Qc8 9. Bb5 Be7 10. O-O a6 11. Bxc6+ bxc6 12. Rfe1 O-O 13. h3 c5 14.
dxc5 Qxc5 15. Nh4 Bd3 16. Qa4 Bd6 17. Nb3 Qc7 18. Bxd6 Qxd6 19. Qb4 Qxb4 20. cxb4 Rab8 21. a3 Ne4 22. Nf3 Rfc8 23. Rac1 Kf8 24. Ne5 Bb5 25. Nc5 Ke7 26. a4 Be8 27. Nxa6 Rxc1 28. Rxc1 Ra8 29. b5 f6 30. Nd3 Kd6 31. f3 Nd2 32. Ndb4 e5 33.
Rd1 Nc4 34. Nxd5 Nxb2 35. Rb1 Bg6 36. Rxb2 Kxd5 37. Nc7+ Kc4 38. Nxa8 1-0

[Event "*** Titled Tuesday Blitz"]
[Site "Chess.com"]
[Date "2020.05.05"]
[Round "2"]
[White "Stormeman100100"]
[Black "ElGasanov"]
[Result "1-0"]
[WhiteElo "2527"]
[BlackElo "2725"]
[TimeControl "180+1"]
[EndTime "10:17:27 PDT"]
[Termination "Stormeman100100 won by resignation"]

1. e4 c5 2. Nf3 Nc6 3. d4 cxd4 4. Nxd4 Nf6 5. Nc3 g6 6. Nxc6 dxc6 7. Qxd8+ Kxd8 8. Bg5 Be6 9. O-O-O+ Kc8 10. f3 Bg7 11.
Kb1 Rd8 12. Bd3 h6 13. Bc1 Nd7 14. Be2 Kc7 15. Bf4+ Ne5 16. Rxd8 Rxd8 17. Rd1 g5 18. Bg3 b5 19. a3 a5 20. Rxd8 Kxd8 21. Nd1 Nc4 22. Bxc4 Bxc4 23. Ne3 Be2 24. Kc1 b4 25. axb4 axb4 26. Nf5 Bf6 27. Nxh6 Bf1 28. e5 Bg7 29.
Nxf7+ Ke8 30. Nxg5 Bxg2 31. f4 Kd7 32. h4 e6 33. Kd2 Ke7 34. Bf2 Bh6 35. Bc5+ Kd7 36. Bxb4 Bg7 37. Ke3 Bh6 38. Bd6 Bd5 39. b3 Bg2 40. c4 Bh1 41. Kd4 Bg2 42. b4 Bf1 43.
Kc5 Bg7 44. b5 cxb5 45. cxb5 Bg2 46. Kb6 Bh6 47. Ka7 1-0

[Event "*** Titled Tuesday Blitz"]
[Site "Chess.com"]
[Date "2020.05.05"]
[Round "2"]
[White "serhanberat_ozdemir"]
[Black "atwalcb"]
[Result "1-0"]
[WhiteElo "2468"]
[BlackElo "2240"]
[TimeControl "180+1"]
[EndTime "10:17:29 PDT"]
[Termination "serhanberat_ozdemir won by resignation"]

1. e4 d6 2. d4 Nf6 3. Nc3 Nbd7 4. Nf3 e5 5. g4 Nxg4 6. Rg1 exd4 7. Nxd4 Nge5 8.
Nf5 g6 9. Ne3 Qh4 10. Ned5 Qd8 11. Nb5 Nc5 12. Nbxc7+ Kd7 13. Nxa8 Nxe4 14. Be3 f5 15. c3 Bg7 16. Nac7 a6 17. Qc2 Nf3+ 18. Kd1 Nxg1 19. Qa4+ b5 20. Bxb5+ 1-0

[Event "*** Titled Tuesday Blitz"]
[Site "Chess.com"]
[Date "2020.05.05"]
[Round "2"]
[White "suneebaker"]
[Black "KarstenHansch"]
[Result "0-1"]
[WhiteElo "2178"]
[BlackElo "2417"]
[TimeControl "180+1"]
[EndTime "10:17:29 PDT"]
[Termination "KarstenHansch won by resignation"]

1. d4 d5 2. c4 e6 3. Nc3 Nf6 4. Nf3 Be7 5. Bf4 O-O 6. e3 b6 7. cxd5 Nxd5 8. Nxd5 Qxd5 9. Bd3 Qa5+ 10. Ke2 Ba6 11. Qc2 c5 12. dxc5 Qxc5 13. Qxc5 Bxd3+ 14. Kxd3 Bxc5 15. Rhd1 Nc6 16. Ke2 Rfd8 17. Rxd8+ Rxd8 18. Rd1 Rxd1 19. Kxd1 f6 20. Nd2 e5 21. Bg3 Kf7 22.
a3 a5 23. e4 Ke6 24. f3 b5 25. Nb3 Bb6 26. Ke2 a4 27. Nc1 Na5 28. Nd3 Nc4 29. Bf2 Bxf2 30. Kxf2 Kd6 31. Ke2 Kc6 32. h4 h5 33. g4 g6 34. gxh5 gxh5 35. Kd1 Ne3+ 36. Ke2 Ng2 37. Kf2 Nxh4 38. f4 Ng6 39. f5 Nf4 40.
Nb4+ Kd6 41. Kg3 Ne2+ 42. Kh4 Nd4 43. Nd5 Nxf5+ 44. Kxh5 Ng3+ 45. Kg4 Nxe4 46. Kf5 Kxd5 0-1

[Event "*** Titled Tuesday Blitz"]
[Site "Chess.com"]
[Date "2020.05.05"]
[Round "2"]
[White "Hikaru"]
[Black "Reader777"]
[Result "1-0"]
[WhiteElo "3166"]
[BlackElo "2599"]
[TimeControl "180+1"]
[EndTime "10:17:30 PDT"]
[Termination "Hikaru won by resignation"]

1. Nf3 d5 2. b3 Nf6 3. Bb2 e6 4.
e3 b6 5. c4 Bb7 6. d4 Nbd7 7.
Nc3 a6 8. Bd3 Bd6 9. O-O O-O 10.
Rc1 Qe7 11. Re1 Rfe8 12. e4 dxe4 13. Nxe4 Nxe4 14. Bxe4 Bxe4 15. Rxe4 Nf6 16. Re2 Rad8 17. Qc2 Ba3 18. Rce1 Bxb2 19. Qxb2 Qd6 20. g3 c5 21. dxc5 Qxc5 22. Ne5 Nd7 23. Nf3 Nf6 24. Qc3 b5 25. Qa5 Qf5 26. Nh4 Qh3 27. cxb5 Ng4 28. f3 Nxh2 29. Rxh2 Qxg3+ 30. Kh1 axb5 31. Rg1 Qe5 32. Qe1 Qf6 33. Qe4 Rd4 34. Qxh7+ Kxh7 35. Ng6+ Rh4 36. Rxh4+ Qxh4+ 37. Nxh4 Ra8 38. Rg2 f6 39. f4 e5 40.
fxe5 fxe5 41. Nf3 Re8 42. Re2 e4 43. Rxe4 Ra8 44. Re2 Kg6 45. Nd4 b4 46. Nc6 Rh8+ 47. Rh2 Rh4 1-0

[Event "*** Titled Tuesday Blitz"]
[Site "Chess.com"]
[Date "2020.05.05"]
[Round "2"]
[White "Maksimus1998"]
[Black "Baby_Legs"]
[Result "0-1"]
[WhiteElo "2472"]
[BlackElo "2684"]
[TimeControl "180+1"]
[EndTime "10:17:30 PDT"]
[Termination "Baby_Legs won by resignation"]

1. c4 e6 2. Nc3 d5 3. d4 Bb4 4.
cxd5 exd5 5. Bf4 c6 6. e3 Bf5 7. Ne2 Nf6 8. Ng3 Bg6 9. h4 h5 10. Bd3 Bxd3 11. Qxd3 g6 12. O-O-O O-O 13. Bg5 Nbd7 14. f4 Qa5 15. Kb1 Bxc3 16. bxc3 Rfe8 17. f5 Ne4 18. Ne2 Nb6 19. fxg6 fxg6 20. Rhf1 Na4 21.
Ka1 Naxc3 22. Nxc3 Qxc3+ 23. Qxc3 Nxc3 24. Rde1 Rf8 25. Bh6 Rxf1 26. Rxf1 Kh7 27. Bg5 Kg7 28. Bf6+ Kg8 29.
Kb2 Ne4 30. Be7 Re8 31. Bb4 Kg7 32. Rf3 b6 33. Kc2 a5 34. Be1 Rf8 35. Kd3 Rf5 36. a4 Kf6 37. Bg3 Nxg3 38. Rxg3 Rf1 39. Rg5 Ra1 40. e4 Ra3+ 41. Kc2 dxe4 42. d5 cxd5 43. Rxd5 Rxa4 44. Rd6+ Kf5 45. Rxb6 Ra2+ 46. Kc3 Rxg2 47. Rb5+ Kf4 48. Rxa5 0-1

[Event "*** Titled Tuesday Blitz"]
[Site "Chess.com"]
[Date "2020.05.05"]
[Round "2"]
[White "mishikomchedlishvili"]
[Black "CrushingKings"]
[Result "1-0"]
[WhiteElo "2839"]
[BlackElo "2440"]
[TimeControl "180+1"]
[EndTime "10:17:31 PDT"]
[Termination "mishikomchedlishvili won on time"]

1. c4 g6 2. d4 Bg7 3. e4 d6 4.
Nc3 Nf6 5. h3 Nbd7 6. Be3 e5 7.
d5 a5 8. g4 Nc5 9. f3 b6 10.
Nge2 h5 11. Ng3 hxg4 12. hxg4 Rxh1 13. Nxh1 Ng8 14. Qd2 Qh4+ 15. Nf2 Bh6 16. g5 Bg7 17. Nb5 Kd8 18. O-O-O Bd7 19. Be2 Bxb5 20. cxb5 Qg3 21. Ng4 Qh3 22. Rg1 Kc8 23. Qe1 f5 24. Rh1 fxg4 25.
Rxh3 gxh3 26. Qh1 Kb7 27. Qxh3 Ne7 28. Bxc5 bxc5 29. Qd7 Bf8 30. b6 Kxb6 31. Qb5+ Ka7 32. Qxa5+ Kb7 33. Qb5+ Kc8 34. Qe8+ Kb7 35. Qf7 Rd8 36.
Bb5 Kb6 37. Be8 1-0

[Event "*** Titled Tuesday Blitz"]
[Site "Chess.com"]
[Date "2020.05.05"]
[Round "2"]
[White "Pavlov_Sergey"]
[Black "Micki-taryan"]
[Result "0-1"]
[WhiteElo "2588"]
[BlackElo "3079"]
[TimeControl "180+1"]
[EndTime "10:17:32 PDT"]
[Termination "Micki-taryan won by resignation"]

1. c4 e6 2. g3 d5 3. Bg2 Nf6 4. Nf3 d4 5. O-O c5 6. e3 Nc6 7.
exd4 cxd4 8. d3 Be7 9. Na3 O-O 10.
Nc2 a5 11. Re1 Bd6 12. a3 e5 13. b3 h6 14. Rb1 Bf5 15. b4 axb4 16. axb4 Re8 17. b5 Nb8 18. Nh4 Bc8 19. Nb4 Nbd7 20. Nf5 Bxb4 21. Rxb4 Nc5 22. g4 Ra1 23. Bf1 Rxc1 24.
Qxc1 Nxg4 25. h3 Bxf5 26. hxg4 Bxd3 27. Bg2 e4 28. Qd2 Qf6 29. Rb2 b6 30. Ra2 Bxc4 31. Ra7 g5 32. Rc1 Nb3 0-1

[Event "*** Titled Tuesday Blitz"]
[Site "Chess.com"]
[Date "2020.05.05"]
[Round "2"]
[White "Mikhail_Biryukov"]
[Black "erlesfar"]
[Result "1-0"]
[WhiteElo "2668"]
[BlackElo "2440"]
[TimeControl "180+1"]
[EndTime "10:17:32 PDT"]
[Termination "Mikhail_Biryukov won by resignation"]

1. e4 d5 2. exd5 Qxd5 3. Nc3 Qa5 4. d4 Nf6 5. Bd3 Nc6 6. Ne2 Bg4 7. f3 Bh5 8. Be3 O-O-O 9. O-O Bg6 10. Bxg6 hxg6 11. a3 e5 12. b4 Qb6 13. Bf2 Nxd4 14. Nxd4 exd4 15. Ne2 Bd6 16. h3 c5 17. bxc5 Bxc5 18. Nf4 Nd5 19. Qd2 Ne3 20. Rfb1 Qc6 21. Nd3 Bb6 22. a4 Qd6 23. a5 Bc7 24. Bxe3 dxe3 25. Qxe3 Qh2+ 26. Kf1 Rxh3 27. gxh3 Qxh3+ 28. Ke2 Qd7 29. Rb4 f5 30. Qxa7 Re8+ 31. Kd2 Qd5 32. Rab1 1-0

[Event "*** Titled Tuesday Blitz"]
[Site "Chess.com"]
[Date "2020.05.05"]
[Round "2"]
[White "Colombiano07"]
[Black "ajian"]
[Result "1-0"]
[WhiteElo "2168"]
[BlackElo "2390"]
[TimeControl "180+1"]
[EndTime "10:17:32 PDT"]
[Termination "Colombiano07 won by resignation"]

1. d4 Nf6 2. Nf3 e6 3. e3 c5 4. Bd3 b6 5. O-O Bb7 6. b3 Be7 7. Bb2 O-O 8. Nbd2 d5 9. Qe2 Nbd7 10. e4 cxd4 11. e5 Ne8 12. Nxd4 Nc5 13. f4 g6 14. Kh1 Ng7 15. Rad1 Rc8 16. c4 Nxd3 17. Qxd3 Qd7 18. N2f3 Rfd8 19. cxd5 Qxd5 20. Qe2 Qe4 21. Rfe1 Qxe2 22. Rxe2 Nf5 23. Red2 Bb4 24. Nxf5 Rxd2 25. Nxd2 gxf5 26. Nc4 Bd5 27. Ne3 Be4 28.
h3 Bc5 29. Nc4 Be7 30. Nd6 Bxd6 31. exd6 Bc6 32. Rd3 Bd7 33. Rg3+ Kf8 34. Bg7+ Ke8 35.
Bf6 Rc1+ 36. Kh2 Bb5 37. Rg8+ Kd7 38. Rd8+ Kc6 39. Rc8+ Kxd6 40. Rxc1 1-0

[Event "*** Titled Tuesday Blitz"]
[Site "Chess.com"]
[Date "2020.05.05"]
[Round "2"]
[White "Budisavljevic"]
[Black "Belka1989"]
[Result "1-0"]
[WhiteElo "2405"]
[BlackElo "2146"]
[TimeControl "180+1"]
[EndTime "10:17:32 PDT"]
[Termination "Budisavljevic won by checkmate"]

1. d4 Nf6 2. Nf3 d5 3. e3 Bg4 4.
c4 e6 5. Qb3 Bxf3 6. Qxb7 Bxg2 7. Bxg2 Nbd7 8. Nc3 Rb8 9. Qc6 Bb4 10. O-O dxc4 11.
Qxc4 Bxc3 12. bxc3 O-O 13. e4 Nb6 14. Qe2 Re8 15. Bg5 h6 16. Bh4 g5 17. Bg3 Rc8 18. h4 Nh7 19. hxg5 Qxg5 20. Kh2 Nf6 21. Bf3 Kh8 22. Rg1 Rg8 23. Rg2 c5 24. Be5 Qh4+ 25. Kg1 Rxg2+ 26. Bxg2 Kg8 27. Qf3 Nfd7 28. Bg3 Qf6 29. e5 Qxf3 30. Bxf3 cxd4 31. cxd4 Rc4 32. Rd1 Nd5 33. Bxd5 exd5 34. Bf4 Kg7 35. Kg2 Nb6 36. Be3 Rc2 37. Rh1 Rxa2 38. Bxh6+ Kg6 39. Kf3 Nc4 40. Bf8 Nd2+ 41. Kg4 Ra4 42. Rh6# 1-0

[Event "*** Titled Tuesday Blitz"]
[Site "Chess.com"]
[Date "2020.05.05"]
[Round "2"]
[White "IljaJoke"]
[Black "Jumbo"]
[Result "0-1"]
[WhiteElo "2562"]
[BlackElo "2883"]
[TimeControl "180+1"]
[EndTime "10:17:33 PDT"]
[Termination "Jumbo won by resignation"]

1. d4 Nf6 2. c4 g6 3. Nc3 d5 4. cxd5 Nxd5 5. e4 Nxc3 6. bxc3 Bg7 7. Bc4 c5 8. Ne2 Nc6 9. Be3 O-O 10. h4 Qa5 11.
O-O cxd4 12. cxd4 Qh5 13. f3 Qxh4 14. Qd2 Qh5 15. Nf4 Qa5 16. Qf2 Nxd4 17. Rad1 Nc6 18. Qh4 g5 19. Qh5 gxf4 20. Rd5 Qc3 21. Bd3 e5 22. Bc5 Be6 23. Bxf8 Rxf8 24. Rd6 Qc5+ 0-1

[Event "*** Titled Tuesday Blitz"]
[Site "Chess.com"]
[Date "2020.05.05"]
[Round "2"]
[White "Gahan-MG"]
[Black "Morshynska"]
[Result "1-0"]
[WhiteElo "2604"]
[BlackElo "2149"]
[TimeControl "180+1"]
[EndTime "10:17:33 PDT"]
[Termination "Gahan-MG won on time"]

1. e4 Nc6 2. Nf3 d6 3. d4 g6 4.
Nc3 Bg7 5. h3 a6 6. a4 e5 7. Be3 Nf6 8. Qd2 h6 9. Bc4 Qe7 10. O-O g5 11. Nd5 Qd8 12. dxe5 Nxe5 13. Nxe5 dxe5 14. Bxg5 hxg5 15. Qxg5 Rg8 16. Qxe5+ Be6 17.
Nxc7+ Kf8 18. Bxe6 Ra7 19. Qc5+ Qe7 20. Qxa7 fxe6 21.
Qb6 Kf7 22. e5 Nh5 23. Qd6 Nf4 24. Qxe7+ Kxe7 25. Rfe1 Rc8 26. Re4 Ng6 27. Rg4 Kf7 28.
Nxe6 Bxe5 29. Ng5+ Kf6 30. c3 Rd8 31. Nf3 Bf4 32. Re1 1-0

[Event "*** Titled Tuesday Blitz"]
[Site "Chess.com"]
[Date "2020.05.05"]
[Round "2"]
[White "Zavgorodniy_Serg"]
[Black "SmirnovAlexandrA"]
[Result "1-0"]
[WhiteElo "2675"]
[BlackElo "2324"]
[TimeControl "180+1"]
[EndTime "10:17:33 PDT"]
[Termination "Zavgorodniy_Serg won by resignation"]

1. e4 c5 2. Nf3 d6 3. c3 Nf6 4.
Bc4 g6 5. e5 dxe5 6. Nxe5 e6 7.
d4 Nbd7 8. Qe2 Nxe5 9. dxe5 Nd5 10. O-O Bg7 11. Nd2 O-O 12. f4 a6 13. Ne4 b5 14.
Bb3 c4 15. Bc2 Bb7 16. Kh1 Qb6 17. a4 Rfd8 18. Nd6 Bc6 19. Be4 Bf8 20. f5 exf5 21.
Nxf5 gxf5 22. Bxf5 Bd7 23. Bxd7 Rxd7 24. Qg4+ Qg6 25.
Qxd7 Nb6 26. Qb7 Rd8 27. Qxa6 Bc5 28. Qxb5 Qf5 29. Bf4 Nd7 30. Rad1 1-0

[Event "*** Titled Tuesday Blitz"]
[Site "Chess.com"]
[Date "2020.05.05"]
[Round "2"]
[White "vangulio"]
[Black "AnnaChessLook"]
[Result "1-0"]
[WhiteElo "2496"]
[BlackElo "2248"]
[TimeControl "180+1"]
[EndTime "10:17:33 PDT"]
[Termination "vangulio won by resignation"]

1. e4 c5 2. Nf3 Nc6 3. d4 cxd4 4. Nxd4 g6 5. c4 Nf6 6. Nc3 d6 7. Be2 Nxd4 8. Qxd4 Bg7 9. O-O O-O 10. Qd2 a5 11. Rb1 a4 12. Qc2 Be6 13. Nxa4 Nxe4 14. Be3 Nf6 15. b3 Bf5 16. Bd3 Bxd3 17. Qxd3 Qa5 18.
Rfe1 Nd7 19. Bd4 Ne5 20. Qe4 Nc6 21. Bxg7 Kxg7 22. Rbc1 Rfe8 23. Qe3 Qf5 24. Re2 Ne5 25. h3 h5 26. Qc3 Kg8 27. Nb6 Ra6 28. Nd5 Qg5 29.
f4 Nf3+ 30. Qxf3 Qf5 1-0

[Event "*** Titled Tuesday Blitz"]
[Site "Chess.com"]
[Date "2020.05.05"]
[Round "2"]
[White "ADODOVE"]
[Black "garicradomir"]
[Result "0-1"]
[WhiteElo "1980"]
[BlackElo "2359"]
[TimeControl "180+1"]
[EndTime "10:17:33 PDT"]
[Termination "garicradomir won on time"]

1. e4 c5 2. Nf3 Nc6 3. d4 cxd4 4. Nxd4 e5 5. Nb5 d6 6. N1c3 a6 7. Na3 b5 8. Nd5 Nge7 9. c4 Nxd5 10. cxd5 Nd4 11.
Be3 Be7 12. Bd3 O-O 13. O-O Bf6 14. Rc1 Bd7 15. Nc2 Qb6 16. Nxd4 exd4 17. e5 dxe5 18. Bd2 Qd6 19. Be4 Rac8 20. Qh5 g6 21. Qf3 Bg7 22. a3 f5 23. Bc2 e4 24. Qb3 Rfe8 25. Bb4 Qe5 26. f4 Qf6 27. g4 fxg4 28. Rce1 d3 29. Bb1 Qd4+ 30. Kh1 Qc4 0-1

[Event "*** Titled Tuesday Blitz"]
[Site "Chess.com"]
[Date "2020.05.05"]
[Round "2"]
[White "AwareIdea"]
[Black "beatnoguera"]
[Result "1-0"]
[WhiteElo "2600"]
[BlackElo "1828"]
[TimeControl "180+1"]
[EndTime "10:17:35 PDT"]
[Termination "AwareIdea won by resignation"]

1. d4 d5 2. c4 e6 3. g3 Nf6 4. Bg2 c6 5. Nf3 Nbd7 6. Qc2 Be7 7.
O-O O-O 8. Nc3 dxc4 9. Rd1 Qc7 10. Nd2 e5 11. Nxc4 exd4 12. Bf4 Qd8 13. Rxd4 Bc5 14.
Rd2 Qe7 15. h3 Re8 16. Nd6 Bxd6 17. Bxd6 Qe6 18. Rad1 Nf8 19. e4 Ng6 20. f4 Qc4 21. b3 Qa6 22. e5 Nd5 23. Nxd5 cxd5 24. Rxd5 Qb6+ 25. Kh2 Be6 26. Rc5 Rac8 27. Rc1 Rxc5 28. Qxc5 Qxc5 29. Rxc5 Rc8 30. Bxb7 Rxc5 31. Bxc5 f6 32.
exf6 gxf6 33. Bxa7 Kf7 34. Bc5 Ne7 35. Bxe7 Kxe7 36. Be4 Kd6 37. Bxh7 Kc5 38. Bd3 Kb4 39. Bc4 Bd7 40. a4 Bxa4 41. bxa4 Kxc4 42. h4 Kb4 43.
h5 Kxa4 44. h6 Kb5 45. h7 1-0

[Event "*** Titled Tuesday Blitz"]
[Site "Chess.com"]
[Date "2020.05.05"]
[Round "2"]
[White "cukus"]
[Black "marszach123"]
[Result "1-0"]
[WhiteElo "2508"]
[BlackElo "2144"]
[TimeControl "180+1"]
[EndTime "10:17:35 PDT"]
[Termination "cukus won on time"]

1. e4 c5 2. Nf3 d6 3. d4 cxd4 4. Nxd4 Nf6 5. Nc3 a6 6. Be3 e5 7. Nb3 Be6 8. f3 h5 9. Qd2 Nbd7 10. Nd5 Bxd5 11. exd5 Rc8 12. Be2 g6 13. O-O-O Nb6 14. Bg5 Be7 15. Kb1 Nfxd5 16. h4 Nf6 17. Na5 Qc7 18. c4 O-O 19. g4 hxg4 20. h5 Nxh5 21. fxg4 Ng3 22. Bxe7 Qxe7 23. Qh6 Nxh1 24. Rxh1 f6 25.
Qh8+ Kf7 26. Rh7+ Ke6 27. Rxe7+ Kxe7 28. Qg7+ Rf7 29. Qxg6 Rh8 30. Qe4 Ke6 31. Nxb7 f5 32.
gxf5+ Rxf5 33. Bg4 1-0

[Event "*** Titled Tuesday Blitz"]
[Site "Chess.com"]
[Date "2020.05.05"]
[Round "2"]
[White "Omk124"]
[Black "KNVB"]
[Result "0-1"]
[WhiteElo "2409"]
[BlackElo "2769"]
[TimeControl "180+1"]
[EndTime "10:17:36 PDT"]
[Termination "KNVB won by resignation"]

1. e4 b6 2. d4 Bb7 3. Bd3 e6 4. Nf3 d5 5. e5 Ba6 6. O-O Bxd3 7.
Qxd3 Qd7 8. c3 Ne7 9. Be3 Nf5 10. Nbd2 c5 11. Rac1 Nc6 12. Rfe1 Be7 13. Nf1 c4 14.
Qd2 b5 15. Ng3 Nxg3 16. fxg3 b4 17. Rf1 h6 18. Nh4 a5 19. Qc2 a4 20. Qf2 Rf8 21. Qe2 a3 22. Rf2 axb2 23. Qxb2 Qa7 24. Rcf1 Qa3 25. cxb4 Qxe3 26. b5 Nxd4 27. b6 Kd7 28. b7 Rab8 29. Kh1 Nc6 30. Qb5 Kc7 31. Rb2 Qc5 32. Qa6 Qa5 33. Qxa5+ Nxa5 34. Rbf2 Rxb7 35.
h3 Bxh4 36. gxh4 Kc6 0-1

[Event "*** Titled Tuesday Blitz"]
[Site "Chess.com"]
[Date "2020.05.05"]
[Round "2"]
[White "vovachesss"]
[Black "MrTattaglia"]
[Result "0-1"]
[WhiteElo "2580"]
[BlackElo "2957"]
[TimeControl "180+1"]
[EndTime "10:17:37 PDT"]
[Termination "MrTattaglia won by resignation"]

1. d4 Nf6 2. Nc3 d5 3. Bf4 a6 4.
e3 c5 5. dxc5 Nc6 6. Nf3 Bg4 7.
Be2 e6 8. Na4 Bxc5 9. Nxc5 Qa5+ 10. c3 Qxc5 11. O-O O-O 12. h3 Bh5 13. Ne5 Bxe2 14.
Qxe2 Rfe8 15. Rfd1 Nxe5 16. Bxe5 Nd7 17. Bg3 Qc6 18.
e4 Nf6 19. exd5 exd5 20. Qf3 Re4 21. Rd3 Rae8 22. Rad1 h6 23. Bf4 Qa4 24. Bxh6 Re1+ 25. Rxe1 Rxe1+ 26. Kh2 Qxa2 27. Bg5 Ne4 28. Be3 Qb1 29.
Bc1 Qxc1 30. g4 Rh1+ 31. Qxh1 Qxh1+ 32. Kxh1 Nxf2+ 33. Kg2 Nxd3 34. Kf3 Nxb2 0-1

[Event "*** Titled Tuesday Blitz"]
[Site "Chess.com"]
[Date "2020.05.05"]
[Round "2"]
[White "gmelviro"]
[Black "WhiteCapital80"]
[Result "1-0"]
[WhiteElo "2274"]
[BlackElo "2458"]
[TimeControl "180+1"]
[EndTime "10:17:37 PDT"]
[Termination "gmelviro won by checkmate"]

1. c4 e6 2. g3 d5 3. Bg2 Nf6 4. Nf3 Be7 5. O-O O-O 6. d4 dxc4 7.
Na3 c5 8. dxc5 Na6 9. Nxc4 Nxc5 10. Nfe5 Nd5 11. a3 f6 12. Nd3 b5 13. Ne3 Bb7 14. Nxc5 Bxc5 15. Qb3 a6 16. Rd1 Bxe3 17. Bxe3 Qe7 18.
Rac1 Rac8 19. Rxc8 Rxc8 20. Rc1 Rxc1+ 21. Bxc1 Qc5 22.
Bd2 Kf7 23. h4 Bc6 24. Qd3 g6 25. h5 Nb6 26. hxg6+ hxg6 27. Be3 Qc4 28. Bxb6 Qc1+ 29. Kh2 Bxg2 30. Qd7+ Kf8 31. Kxg2 Qc4 32. Qd6+ Kf7 33. Qc7+ Qxc7 34. Bxc7 e5 35. e4 Ke6 36. f4 exf4 37.
gxf4 g5 38. f5+ Kd7 39. Ba5 Kd6 40. Kf3 Ke5 41. Ke3 g4 42. Bc7# 1-0